serf, chaotic male elven Ranger ------------ ##################### #...........| # ----------# ###|...........## |........+## # #...........|# |........|## -----------### #------------# #-........|#### | |.........|# ### # ###|........|####@# -......| |..........# # # # |.......^| d## ------- |.........|`## # ### ---------- |..........# # # |{........| # # |.........| # # ----------- # # --------------- `############# # ##..............+ #--|-.-# # |.............| #|.....####............<.| #|....|# --------------- #......# --+--- serf the Tenderfoot Experience level: 1 Strength: 15 Dexterity: 12 Constitution: 14 Intelligence: 13 Wisdom: 14 Charisma: 8 Health: 0(11) Energy: 4(4) Def: 3 Gold: 105 Moves: 2089 Dungeon seed: al-paHFPo1JQ5jZG Game ID: serf_1631473311 Your Inventory: Weapons d - an uncursed +1 elven dagger (weapon in hand) e - an uncursed +1 elven bow (alternate weapon; not wielded) i - 5 uncursed +0 darts k - an uncursed +0 orcish dagger u - 7 uncursed +0 arrows v - an uncursed +0 sling P - 51 uncursed +2 elven arrows Q - 31 uncursed +0 elven arrows (in quiver) Armor b - an uncursed +2 elven cloak (being worn) n - a blessed +1 elven mithril-coat Comestibles f - 5 uncursed lembas wafers Scrolls g - 2 uncursed scrolls of remove curse p - an uncursed scroll of enchant armor s - 2 uncursed scrolls of identify Potions o - an uncursed potion of gain energy Rings l - a cursed -5 ring of carrying Coins $ - 105 gold pieces Spells and supernatural/magical abilities: Name Level Category Cost Memory W - pray for help -- divine ? -- Your skills at the end: Fighting Skills wands [Basic] Weapon Skills dagger [Basic] bow [Basic] Spellcasting Skills Final Attributes: You were piously aligned. You were immune to sleep. You saw invisible. You had automatic searching. You had infravision. You were stealthy. Mars was noncommittal. You are dead. Vanquished creatures: 2 shriekers 3 iguanas an acid blob a coyote a gas spore a hobbit 4 giant rats a red mold 2 geckos 2 jackals 2 kobolds a goblin a sewer rat 7 grid bugs a lichen a kobold zombie 3 newts 34 creatures vanquished. Voluntary challenges: You were vegetarian. You used a wielded weapon 4 times, starting on turn 1140. You were illiterate. You never genocided any monsters. You never polymorphed an object. You never changed form. You used no wishes. You never split a pudding. You never wrote Elbereth's name. You never violated your personal moral code. Dungeon overview: The Dungeons of Doom: levels 1 to 5 Level 1 a fountain a long staircase Level 2 a fountain Level 3 Level 4 an altar to Mercury, a fountain, a vault stairs to The Gnomish Mines Level 5 <- You were here a fountain The Gnomish Mines: Level 5 stairs to The Dungeons of Doom History has recorded: On T:1 you entered the Dungeons of Doom to retrieve the Amulet of Yendor! On T:155 you reached level 2 of The Dungeons of Doom. On T:1057 you reached level 3 of The Dungeons of Doom. On T:1407 you reached level 4 of The Dungeons of Doom. On T:1562 you reached level 1 of The Gnomish Mines. On T:1789 you reached level 5 of The Dungeons of Doom. Score breakdown: Gold: 105 ( 6889 points) Experience: 1 level ( 0 points) Exploration: 5 levels ( 9.62%) ( 8401 points) Discoveries: 0 items ( 0.00%) ( 0 points) Valuables value: (no points given unless you survive) Artifact value: 0 ( 0 points) Variety of kills: 17 monsters ( 4.47%) ( 6345 points) Turncount: 2089 turns ( -65 points) Survival: died (score multiplied by 80%) Total score: 17256 Latest messages: The door opens. You displace Sirius. You try to move the boulder, but in vain. You hear some noises in the distance. You stop exploring. You are now wielding your elven dagger. e - an uncursed +1 elven bow (alternate weapon; not wielded). You hit the newt. The newt bites! You kill the newt! You displace Sirius. With great effort you move the boulder. You stop exploring. The iguana bites Sirius. Sirius bites the iguana. (3x) The iguana is killed! You hear some noises in the distance. (5x) The shrieker shrieks. You stop exploring. You hear some noises nearby. (3x) The shrieker is killed! Sirius bites the gas spore. The gas spore is killed! Sirius is caught in the gas spore's explosion! You are caught in the gas spore's explosion! Final status: Goodbye serf the Ranger, killed by a gas spore's explosion... You died in The Dungeons of Doom on dungeon level 5 with 17256 points, and 105 pieces of gold, after 2089 moves. You were level 1 with a maximum of 11 hit points when you died.